 Dungeon Crawl Stone Soup version 0.31.0-12-g77e489cdc1 (webtiles) character file.

Game seed: 748397936267265307

22614 hawla the Slicer (level 12, -6/54 HPs)
             Began as a Deep Elf Fire Elementalist on Feb 12, 2024.
             Was an Elder of Vehumet.
             Mangled by a cyclops (9 damage)
             ... on level 13 of the Dungeon.
             The game lasted 00:48:55 (16313 turns).

hawla the Slicer (Deep Elf Fire Elementalist)      Turns: 16313, Time: 00:48:56

Health: -6/54      AC: 13    Str:  5    XL:     12   Next: 64%
Magic:  17/23      EV: 16    Int: 32    God:    Vehumet [****..]
Gold:   562        SH:  5    Dex: 15    Spells: 7/23 levels left

rFire   . . .        l - +4 quick blade (protect)
rCold   . . .        y - +0 buckler
rNeg    . . .        H - +0 steam dragon scales
rPois   +            t - +2 helmet
rElec   .            f - +2 cloak {rPois}
rCorr   .            (no gloves)
SInv    .            F - +1 pair of boots
Will    +....        (no amulet)
Stlth   ++           j - ring of flight
HPRegen 0.29/turn    D - +6 ring of intelligence
MPRegen 0.18/turn

%: no passive effects
@: flying
A: frail 1
a: Renounce Religion


You were on level 13 of the Dungeon.
You worshipped Vehumet.
Vehumet was greatly pleased with you.
You visited 2 branches of the dungeon, and saw 14 of its levels.
You also visited: Sewer.

You collected 802 gold pieces.
You spent 240 gold pieces at shops.

Inventory:

Hand Weapons
 k - a +0 long sword of flaming
 l - a +4 quick blade of protection (weapon)
Armour
 f - a +2 cloak of poison resistance (worn)
 t - a +2 helmet (worn)
 y - a +0 buckler (worn)
 F - a +1 pair of boots (worn)
 H - +0 steam dragon scales (worn)
Magical Staves
 w - a staff of fire
 R - a staff of alchemy
Jewellery
 d - a ring of wizardry
 j - a ring of flight (left hand)
 x - a +6 ring of dexterity
 D - a +6 ring of intelligence (right hand)
 E - an amulet of regeneration
 K - a ring of wizardry
 M - a ring of protection from cold
 O - a ring of fire
Talismans
 L - a maw talisman
Wands
 a - a wand of iceblast (5)
 i - a wand of flame (42)
 n - a wand of polymorph (27)
 s - a wand of mindburst (10)
 P - a wand of charming (3)
Scrolls
 c - 3 scrolls of vulnerability
 h - 4 scrolls of amnesia
 r - 3 scrolls of revelation
 B - 4 scrolls of poison
 G - a scroll of butterflies
 I - 4 scrolls of immolation
 T - a scroll of enchant weapon
Potions
 b - 4 potions of attraction
 e - 3 potions of brilliance
 g - 7 potions of enlightenment
 m - 3 potions of heal wounds
 o - 2 potions of invisibility
 p - a potion of lignification
 q - a potion of might
 u - a potion of haste
 v - a potion of berserk rage
 z - a potion of ambrosia
 A - a potion of resistance
 J - a potion of cancellation
 N - 5 potions of curing
 S - 2 potions of mutation
Miscellaneous
 Q - a phantom mirror (inert)


   Skills:
 - Level 1.0 Fighting
 - Level 14.0 Short Blades
 - Level 10.0 Dodging
 - Level 3.0 Stealth
 - Level 5.0 Shields
 - Level 6.0 Spellcasting
 - Level 3.0 Conjurations
 - Level 3.0 Translocations
 - Level 6.0 Fire Magic
 - Level 2.0 Air Magic
 - Level 3.0 Alchemy
 - Level 6.0 Evocations
 + Level 7.8 Shapeshifting


You had 7 spell levels left.
You knew the following spells:

 Your Spells              Type           Power      Damage    Failure   Level
a - Foxfire               Conj/Fire      100%       2x1d9     1%          1
b - Scorch                Fire           96%        2d9       1%          2
c - Flame Wave            Conj/Fire      38%        2d10      3%          4
d - Airstrike             Air            11%        2d(2-18)  9%          4
e - Apportation           Tloc           56%        N/A       2%          1
f - Olgreb's Toxic Radia  Alch           28%        N/A       6%          4

Your spell library contained the following spells:

 Spells                   Type           Power      Damage    Failure   Level
 Sticky Flame             Fire/Alch      38%        2d8       3%          4
 Sting                    Conj/Alch      100%       1d9       1%          1
 Mercury Vapours          Alch/Air       50%        N/A       1%          2
 Static Discharge         Conj/Air       50%        3-6/arc   1%          2
 Inner Flame              Hex/Fire       28%        N/A       1%          3
 Volatile Blastmotes      Fire/Tloc      76%        2d16      1%          3
 Lesser Beckoning         Tloc           56%        N/A       3%          2
 Frozen Ramparts          Ice            18%        1d3       6%          3
 Gell's Gravitas          Tloc           28%        N/A       7%          3
 Teleport Other           Tloc           28%        N/A       7%          3
 Necrotise                Necr           36%        1d5       8%          1
 Slow                     Hex            36%        N/A       8%          1
 Summon Small Mammal      Summ           36%        N/A       8%          1
 Jinxbite                 Hex            18%        N/A       12%         2
 Sublimation of Blood     Necr           9%         N/A       12%         2
 Irradiate                Conj/Alch      14%        3d16      16%         5
 Call Canine Familiar     Summ           9%         N/A       22%         3
 Confusing Touch          Hex            9%         N/A       22%         3
 Sigil of Binding         Hex            9%         N/A       22%         3
 Vampiric Draining        Necr           9%         2d6       22%         3
 Dimensional Bullseye     Hex/Tloc       9%         N/A       38%         4
 Leda's Liquefaction      Alch/Erth      9%         N/A       38%         4
 Petrify                  Alch/Erth      19%        N/A       38%         4
 Summon Lightning Spire   Summ/Air       16%        N/A       45%         4
 Alistair's Intoxication  Alch           18%        N/A       52%         5
 Metabolic Englaciation   Hex/Ice        4%         N/A       91%         5
 Haunt                    Necr/Summ      4%         N/A       100%        7
 Borgnjor's Revivificati  Necr           4%         N/A       100%        8
 Death's Door             Necr           4%         N/A       100%        9


Dungeon Overview and Level Annotations

Branches:
Dungeon (13/15)            Temple (1/1) D:6            Lair (0/5) D:10
    Orc (0/2) D:11         Vaults (0/5) D:13          Sewer (visited)

Altars:
Ashenzari
Cheibriados
Dithmenos
Elyvilon
Fedhas
Gozag
Hepliaklqana
Kikubaaqudgha
Makhleb
Nemelex Xobeh
Okawaru
Qazlal
Ru
Sif Muna
Trog
Uskayaw
Vehumet
Wu Jian
Xom
Yredelemnul
Zin
The Shining One

Shops:
D:3 (   D:8 :

Annotations:
D:11 1 transporter


Innate Abilities, Weirdness & Mutations

You are frail. (-10% HP)


Message History

No target in view!
Your +0 long sword of flaming stops flaming.
Your +4 quick blade of protection hums with potential!
l - a +4 quick blade of protection (weapon)
You see here a human corpse.
Found 6 stones.
T - a scroll of enchant weapon A cyclops comes into view.
The cyclops shouts!
The cyclops throws a large rock.
You block the large rock.
A cyclops is nearby!
The cyclops throws a large rock.
The large rock hits you!! The cyclops hits you!
* * * LOW HITPOINT WARNING * * *
You feel much better. The cyclops hits you!
Casting: Foxfire (safe; 1% risk of failure)
Confirm with . or Enter, or press ? or * to list all spells.
Casting: Flame Wave (dangerous; 3% risk of failure)
Press: ? - help, Dir - look around, f - activate A wave of flame ripples out!
The flame wave engulfs the cyclops!
The cyclops is moderately wounded. (Press . to intensify the flame waves.)
You hear a shout!
A centaur warrior comes into view.
A wave of flame ripples out!
The flame wave engulfs the cyclops.
The cyclops is moderately wounded.
The cyclops hits you!!
* * * LOW HITPOINT WARNING * * *
Unknown command.
A wave of flame ripples out!
The flame wave engulfs the cyclops!
The cyclops is heavily wounded.
The centaur warrior wields a +0 orcbow.
The centaur warrior shoots an arrow.
The arrow closely misses you. The cyclops barely misses you.
Unknown command.
As you read the scroll of fog, it dissolves into smoke.
The centaur warrior shoots an arrow.
The arrow hits you.
* * * LOW HITPOINT WARNING * * *
The centaur warrior shoots an arrow.
The arrow barely misses you. The cyclops hits you!
You die...

#.....# #.....#
#.....# ##
#.....# ...
#.....##
....#......#
#.....C§§..#
#...§@§..#
##...§§§..######
#.......§......#
....#.....8.....#
..c #...........#
..........8.8.8.#
................#
.........8...8.#
######.........#


You could see a centaur warrior and a cyclops.

Vanquished Creatures
  A centaur warrior (D:13)
  A boulder beetle (D:12)
  2 two-headed ogres
  An obsidian statue (D:12)
  An ugly thing (D:12)
  A cyclops (D:12)
  Maurice (D:7)
  Maggie (D:8)
  A gargoyle (D:11)
  5 trolls
  The ghost of knightboat the Shield-Bearer, an amateur FoFi (D:4)
  2 hornets (D:9)
  Grinder (D:4)
  3 slime creatures (D:12)
  3 shadows (D:11)
  3 wyverns
  3 wraiths
  11 humans
  18 yaks
  Grum (D:8)
  2 wargs (D:11)
  The ghost of Gadfly the Insei, an amateur DsMo (D:4)
  9 vampire mosquitoes
  A steam dragon (D:8)
  An acid dragon (D:8)
  4 water moccasins (D:10)
  An orc warrior (D:9)
  3 sky beasts (D:7)
  3 ice beasts
  A tengu (shapeshifter) (D:13)
  2 ogres
  2 wolves (D:8)
  12 centaurs
  A phantom (D:5)
  6 kobold brigands
  3 gnoll sergeants
  16 bullfrogs
  2 scorpions
  10 wights
  3 killer bees (D:10)
  4 howler monkeys
  An electric eel (D:10)
  A bombardier beetle (D:7)
  A hound (D:4)
  3 jellies
  12 orc priests
  A sleepcap (D:6)
  3 iguanas
  2 gnoll boudas
  Ijyb (D:4)
  15 orc wizards
  Robin (D:2)
  19 gnolls
  12 adders
  4 river rats (Sewer)
  A white imp (D:6)
  2 ufetubi (D:7)
  3 ribbon worms
  A dart slug (D:1)
  36 orcs
  15 ball pythons
  10 endoplasms
  6 giant cockroaches
  5 hobgoblins
  23 kobolds
  5 quokkas
  3 bats
  4 frilled lizards
  20 goblins
  20 rats
378 creatures vanquished.

Vanquished Creatures (collateral kills)
  A hydra (D:13)
  An orc knight (D:13)
  6 humans (D:13)
  A foxfire (D:1)
9 creatures vanquished.

Vanquished Creatures (others)
  518 foxfires
518 creatures vanquished.

Grand Total: 905 creatures vanquished

Notes
Turn   | Place    | Note
-------+----------+-------------------------------------------
     0 | D:1      | hawla the Deep Elf Fire Elementalist began the quest for
                  | the Orb.
     0 | D:1      | Reached XP level 1. HP: 10/10 MP: 6/6
   119 | D:1      | Reached skill level 1 in Fighting
   127 | D:1      | Found a faded altar of an unknown god.
   200 | D:1      | Reached XP level 2. HP: 16/16 MP: 5/8
   203 | D:1      | Learned a level 2 spell: Scorch
  1261 | D:2      | Noticed Robin
  1278 | D:2      | Reached XP level 3. HP: 20/20 MP: 2/9
  1557 | D:2      | Killed Robin
  1956 | D:2      | Reached XP level 4. HP: 25/25 MP: 7/10
  2629 | D:3      | Found a blossoming altar of Fedhas.
  2634 | D:3      | Noticed a scorpion
  2654 | D:3      | You fall into a shaft and drop 3 floors!
  2684 | D:6      | Noticed a gnoll sergeant
  2685 | D:6      | Gained mutation: You are frail. (-10% HP) [potion of
                  | mutation]
  2697 | D:6      | Found a staircase to the Ecumenical Temple.
  2744 | D:6      | Found a glowing drain.
  2750 | D:6      | Reached XP level 5. HP: 19/26 MP: 0/11
  2764 | Sewer    | Entered a sewer
  2859 | Sewer    | Reached skill level 5 in Fire Magic
  3301 | Sewer    | Reached XP level 6. HP: 30/30 MP: 4/12
  3426 | D:6      | Reached skill level 5 in Dodging
  3615 | D:5      | Entered Level 5 of the Dungeon
  3714 | D:5      | Reached XP level 7. HP: 34/34 MP: 10/13
  3869 | D:3      | Identified a scroll of acquirement
  3869 | D:3      | Acquired a +3 quick blade of protection
  4108 | D:3      | Learned a level 4 spell: Flame Wave
  4402 | D:3      | Found Paliyfes's Antique Weapon Shoppe.
  4888 | D:4      | Noticed Grinder
  4896 | D:4      | Killed Grinder
  4897 | D:4      | Reached skill level 5 in Spellcasting
  4913 | D:3      | Reached XP level 8. HP: 15/38 MP: 3/18
  5112 | D:4      | Noticed Ijyb
  5264 | D:4      | Reached skill level 1 in Short Blades
  5267 | D:4      | Reached skill level 2 in Short Blades
  5281 | D:4      | Reached skill level 3 in Short Blades
  5391 | D:4      | Reached skill level 4 in Short Blades
  5681 | D:4      | Found a shimmering altar of Xom.
  5684 | D:4      | Found an ornate altar of the Wu Jian Council.
  5749 | D:4      | Killed Ijyb
  5947 | D:4      | Found a runed translucent gate.
  5948 | D:4      | Found a runed translucent gate.
  5948 | D:4      | Found a runed translucent gate.
  5949 | D:4      | Noticed Gadfly's ghost (amateur DsMo)
  5949 | D:4      | Noticed knightboat's ghost (amateur FoFi)
  5996 | D:4      | Killed Gadfly's ghost
  5997 | D:4      | Reached skill level 5 in Short Blades
  5998 | D:4      | Killed knightboat's ghost
  5999 | D:4      | Reached skill level 6 in Short Blades
  6223 | D:5      | Found a shadowy altar of Dithmenos.
  6271 | D:5      | Found a shimmering blue altar of Sif Muna.
  6720 | D:6      | Identified the +10 trident of Disorder {drain, rElec rF+
                  | rC+}
  6735 | D:6      | Reached XP level 9. HP: 42/42 MP: 11/20
  6832 | D:6      | Reached skill level 7 in Short Blades
  7336 | Temple   | Entered the Ecumenical Temple
  7352 | Temple   | Became a worshipper of Vehumet
  7391 | D:6      | Found a sparkling altar of Nemelex Xobeh.
  7706 | D:7      | Reached skill level 8 in Short Blades
  7871 | D:7      | Noticed Maurice
  7879 | D:7      | Maurice stole the +10 trident of Disorder {drain, rElec rF+
                  | rC+}
  7880 | D:7      | Killed Maurice
  7881 | D:7      | Reached skill level 9 in Short Blades
  8382 | D:7      | Reached skill level 10 in Short Blades
  9101 | D:7      | Learned a level 4 spell: Airstrike
  9104 | D:8      | Noticed Maggie
  9111 | D:8      | Killed Maggie
  9283 | D:8      | Reached XP level 10. HP: 37/46 MP: 8/21
  9298 | D:8      | Reached * piety under Vehumet
  9298 | D:8      | Offered knowledge of Magic Dart by Vehumet.
  9299 | D:8      | Reached skill level 11 in Short Blades
  9866 | D:8      | Noticed Grum
  9872 | D:8      | Reached skill level 12 in Short Blades
  9875 | D:8      | Killed Grum
 10378 | D:8      | Found Carowk's Book Boutique.
 10386 | D:8      | Bought a Young Poisoner's Handbook for 240 gold pieces
 10388 | D:8      | Learned a level 1 spell: Apportation
 10460 | D:8      | Found a basalt altar of Yredelemnul.
 10654 | D:8      | Learned a level 4 spell: Olgreb's Toxic Radiance
 10767 | D:8      | Reached skill level 13 in Short Blades
 10967 | D:9      | Reached ** piety under Vehumet
 10970 | D:9      | Offered knowledge of Kiss of Death by Vehumet.
 11259 | D:9      | Found a stormy altar of Qazlal.
 11340 | D:9      | Found an iron altar of Okawaru.
 11469 | D:9      | Reached skill level 14 in Short Blades
 11469 | D:9      | Reached XP level 11. HP: 50/50 MP: 22/22
 11569 | D:9      | Reached skill level 1 in Air Magic
 11772 | D:9      | Offered knowledge of Stone Arrow by Vehumet.
 11773 | D:9      | Reached skill level 1 in Translocations
 11773 | D:9      | Reached skill level 1 in Alchemy
 12442 | D:10     | Entered Level 10 of the Dungeon
 12462 | D:10     | Reached *** piety under Vehumet
 12465 | D:10     | Reached skill level 1 in Shields
 12738 | D:10     | Offered knowledge of Mephitic Cloud by Vehumet.
 12757 | D:10     | Noticed a two-headed ogre
 12768 | D:10     | Killed a two-headed ogre
 12832 | D:10     | Found a staircase to the Lair.
 13435 | D:11     | Found a transporter.
 13435 | D:11     | Found a transporter.
 13677 | D:11     | Reached skill level 5 in Shields
 13677 | D:11     | Reached skill level 1 in Evocations
 13927 | D:11     | Reached **** piety under Vehumet
 13976 | D:11     | Found a staircase to the Orcish Mines.
 14238 | D:11     | Offered knowledge of Sticky Flame by Vehumet.
 14239 | D:11     | Reached skill level 5 in Evocations
 14460 | D:11     | Reached skill level 1 in Shapeshifting
 14822 | D:12     | Noticed a red ugly thing
 14836 | D:12     | Killed a red ugly thing
 14837 | D:12     | Reached XP level 12. HP: 26/54 MP: 4/23
 15217 | D:12     | Noticed a boulder beetle
 15231 | D:12     | Killed a boulder beetle
 16140 | D:13     | Noticed a two-headed ogre
 16140 | D:13     | Noticed a centaur warrior
 16141 | D:13     | Found a gate to the Vaults.
 16146 | D:13     | Noticed a seven-headed hydra
 16150 | D:13     | Reached skill level 5 in Shapeshifting
 16155 | D:13     | Killed a six-headed hydra
 16156 | D:13     | Killed a two-headed ogre
 16161 | D:13     | Reached skill level 10 in Dodging
 16172 | D:13     | Killed a centaur warrior
 16310 | D:13     | Noticed a centaur warrior
 16313 | D:13     | Mangled by a cyclops

Illustrated notes

Levels and vault maps discovered:
D:1:      orjb1_clovarrival, layout_loops_corners,
          dilly_ecumenical_altar_fadedgnrine
D:2:      layout_basic, uniq_robin
D:3:      layout_loops_ring, mainiacjoe_overflow_cross_hatched, serial_shops,
          nicolae_shop_stone, dreamdust_princess_bridge,
          kennysheep_generic_room_6
D:4:      layout_rooms, gammafunk_temple_overflow_statue,
          gammafunk_ghost_cemetery, minmay_crystal_room, minmay_bisected,
          uniq_grinder, uniq_ijyb
D:5:      layout_basic, nicolae_dithmenos_the_darkroom,
          mainiacjoe_overflow_tiny_flanked
D:6:      layout_loops_cross, nemelex_dance_club_becter,
          minmay_temple_entry_proselytizer, cheibrodos_sewer_entry_bend,
          st_stairs_7, nicolae_letterblocks [nicolae_letter_subblock,
          nicolae_letter_subblock, nicolae_letter_subblock,
          nicolae_letter_subblock, nicolae_letter_subblock,
          nicolae_letter_subblock, nicolae_letter_subblock,
          nicolae_letter_subblock, nicolae_letter_subblock,
          nicolae_letter_subblock, nicolae_letter_subblock,
          nicolae_letter_subblock, nicolae_letter_subblock,
          nicolae_letter_subblock, nicolae_letter_subblock,
          nicolae_letter_subblock, nicolae_letter_subblock,
          nicolae_letter_subblock, nicolae_letter_subblock,
          nicolae_letter_subblock, nicolae_letter_subblock,
          nicolae_letter_subblock, nicolae_letter_subblock,
          nicolae_letter_subblock, nicolae_letter_subblock]
D:7:      layout_basic, uniq_maurice
D:8:      minmay_spotlight, layout_basic, mainiacjoe_overflow_alcove_2,
          serial_glass, glass_columns_b, glass_columns_b, glass_columns_b,
          glass_columns_a, glass_columns_a, glass_columns_a, glass_columns_c,
          glass_columns_a, glass_columns_a, glass_columns_a, serial_shops, shop,
          wad_rectangle_vault, uniq_grum, uniq_maggie
D:9:      minmay_s_stair_smasher, layout_loops_cross,
          nicolae_qazlal_general_emergency, okawaru_ov_weapons_minmay
D:10:     layout_loops_ring, due_lair_maze_entry_diamond, nicolae_lava_and_water
D:11:     layout_irregular_city, erik_orc_4, nicolae_diode_stairs
D:12:     minmay_statue_hallways, layout_basic
D:13:     wad_guarded_room, layout_irregular_city, david_vaults_3,
          serial_column_ruins, column_ruins_grid_1, column_ruins_open_large,
          column_ruins_grid_3, column_ruins_grid_1, column_ruins_open_tiny,
          column_ruins_grid_3, minivault_8
Temple:   dshaligram_water_room_temple

Skill      XL: |  1  2  3  4  5  6  7  8  9 10 11 12 |
---------------+-------------------------------------+-----
Fighting       | 1 |  1.0
Stealth        | 3 |  3.0
Dodging        | 3 4 6 8 10 | 10.0
Conjurations   | 2 3 |  3.0
Fire Magic     | 4 6 |  6.0
Spellcasting   | 5 6 |  6.0
Short Blades   | 6 10 14 | 14.0
Air Magic      | 2 |  2.0
Translocations | 3 |  3.0
Alchemy        | 3 |  3.0
Shields        | 5 |  5.0
Evocations     | 6 |  6.0
Shapeshifting  | 1 7 |  7.8

Action                     |  1- 3 |  4- 6 |  7- 9 | 10-12 || total
---------------------------+-------+-------+-------+-------++-------
  Melee: Unarmed           |     6 |       |       |       ||     6
         Quick blade       |       |       |   212 |   443 ||   655
         Staff             |       |       |       |    18 ||    18
         Long sword        |       |       |       |    15 ||    15
   Cast: Foxfire           |    53 |    69 |    60 |   117 ||   299
         Scorch            |    20 |    26 |    58 |    92 ||   196
         Flame Wave        |       |       |    14 |    44 ||    58
         Airstrike         |       |       |       |    15 ||    15
         Olgreb's Toxic Ra |       |       |       |     4 ||     4
  Evoke: Phantom mirror    |       |       |       |     1 ||     1
    Use: Scroll            |     5 |     3 |    17 |    16 ||    41
         Potion            |     1 |     1 |     4 |     2 ||     8
   Stab: Distracted        |     1 |       |       |     1 ||     2
         Sleeping          |       |       |     7 |     2 ||     9
         Invisible         |       |       |     1 |       ||     1
 Armour: Robe              |    19 |    21 |    71 |       ||   111
         Steam dragon scal |       |       |     3 |   218 ||   221
  Dodge: Dodged            |    15 |    18 |   116 |   240 ||   389
  Block: Buckler           |       |       |     4 |    67 ||    71
